 Dungeon Crawl Stone Soup version 0.21.1-1-g345015f (webtiles) character file.

98 shakethe the Firebug (level 4, 0/30 HPs)
             Began as a Demonspawn Fire Elementalist on Feb 19, 2018.
             Slain by a hobgoblin (1 damage)
             ... on level 2 of the Dungeon.
             The game lasted 00:06:45 (2739 turns).

shakethe the Firebug (Demonspawn Fire Elementalist) Turns: 2739, Time: 00:06:46

Health: 0/30       AC:  2    Str:  9    XL:     4   Next: 43%
Magic:  4/7        EV: 12    Int: 17    God:
Gold:   102        SH:  0    Dex: 13    Spells: 3/7 levels left

rFire    . . .     SeeInvis .   f - +3 spear
rCold    + . .     Gourm    .   (no shield)
rNeg     . . .     Faith    .   a - +0 robe
rPois    .         Spirit   .   (no helmet)
rElec    .         Reflect  .   (no cloak)
rCorr    .         Harm     .   (no gloves)
MR       .....                  (no boots)
Stlth    ++........             (no amulet)
HPRegen  0.10/turn              (no ring)
MPRegen  0.10/turn              (no ring)

@: no status effects
A: cold resistance 1
a: no special abilities


You were on level 2 of the Dungeon.
You were not hungry.

You visited 1 branch of the dungeon, and saw 3 of its levels.

You collected 102 gold pieces.

Inventory:

Hand Weapons
 d - a cursed -3 spear
   (You found it on level 2 of the Dungeon)
 f - a +3 spear (weapon)
   (You found it on level 1 of the Dungeon)
Missiles
 e - 64 stones (quivered)
Armour
 a - a +0 robe (worn)
Jewellery
 n - an uncursed ring of ice {rC+, rF-}
   (You found it on level 1 of the Dungeon)
Scrolls
 h - 4 scrolls of remove curse {unknown}
 i - 4 scrolls of fog {unknown}
 j - 2 scrolls of blinking {unknown}
 l - 2 scrolls of identify {unknown}
 o - a scroll of immolation {unknown}
 p - a scroll of teleportation {unknown}
 q - a scroll of noise {unknown}
Potions
 g - 2 potions of might {unknown}
 k - 2 potions of agility {unknown}
 m - a potion of degeneration {unknown}
Books
 b - a book of Flames
Comestibles
 c - 7 rations


   Skills:
 - Level 1.7 Dodging
 - Level 1.7 Stealth
 - Level 2.0 Spellcasting
 + Level 3.1 Conjurations
 + Level 3.9 Fire Magic


You had 3 spell levels left.
You knew the following spells:

 Your Spells              Type           Power        Failure   Level  Hunger
a - Flame Tongue          Conj/Fire      ##...        4%          1    #......
c - Conjure Flame         Conj/Fire      ##......     14%         3    ###....


Dungeon Overview and Level Annotations

Branches:
Dungeon (3/15)

Altars:

Annotations:
D:3 wotfoxis's ghost, weakling HOCK


Innate Abilities, Weirdness & Mutations

Your flesh is cold resistant. (rC+)


Message History

The jackal bites you.
You take 1 damage, and have 24/30 hp.
You hit the jackal.
You kill the jackal!
You hit the kobold. The kobold completely misses you.
You hit the kobold but do no damage. The kobold hits you but does no damage.
You closely miss the kobold. The kobold misses you.
You hit the kobold.
You kill the kobold!
You see here a short sword.
You see here a jackal corpse.
You butcher the jackal corpse.
r - 2 chunks of flesh {@w0@w0} You see here a jackal skeleton.
You open the door.
You now have 75 gold pieces (gained 10).
MP restored: 7
c - 7 rations (gained 1)
There is a stone staircase leading up here.
Found a stone staircase leading down.
You now have 88 gold pieces (gained 13).
Health restored: 30
Okay, then.
Eating one of 2 chunks of flesh {@w0@w0}.
You eat one of the 2 chunks of flesh {@w0@w0}.
You are feeling hungry.
Eating a chunk of flesh {@w0@w0}.
You eat the chunk of flesh {@w0@w0}.
You now have 102 gold pieces (gained 14).
A frilled lizard comes into view.
The frilled lizard hisses angrily.
Aim: a frilled lizard The flame tongue hits the frilled lizard.
The frilled lizard barely misses you.
You now have 6/7 mp.
You barely miss the frilled lizard. The frilled lizard bites you.
You take 2 damage, and have 28/30 hp.
You barely miss the frilled lizard. The frilled lizard closely misses you.
You hit the frilled lizard.
You kill the frilled lizard!
e - 64 stones (gained 26) MP restored: 7 A hobgoblin comes into view.
You see here a ration.
A goblin comes into view. It is wielding a club.
The goblin shouts!
The hobgoblin shouts!
A leopard gecko and a player ghost come into view.
Wotfoxis's ghost turns its malevolent gaze towards you.
A bat comes into view.
You see here a ration.
The bat closely misses you.
Aim: a bat The flame tongue hits the bat.
You kill the bat!
Health restored: 30 You now have 6/7 mp.
Aim: a goblin, wielding a club The flame tongue misses the goblin.
The flame tongue misses the hobgoblin.
You now have 5/7 mp.
The goblin hits you but does no damage.
Aim: a goblin, wielding a club The flame tongue misses the goblin.
The goblin hits you but does no damage.
You now have 4/7 mp.
The hobgoblin barely misses you. The goblin closely misses you.
Aim: a goblin, wielding a club The flame tongue hits the goblin.
You kill the goblin!
Wotfoxis's ghost hits you!
You take 10 damage, and have 20/30 hp.
MASSIVE DAMAGE!!
You now have 4/7 mp.
You don't know that spell.
Wotfoxis's ghost mumbles, "They all look like pillowcases to me..."
There is a stone staircase leading up here.
You see here a dagger.
Wotfoxis's ghost closely misses you. The hobgoblin barely misses you.
You barely miss the hobgoblin. Wotfoxis's ghost misses you.
The hobgoblin misses you. Wotfoxis's ghost hits you.
You take 3 damage, and have 18/30 hp.
Unknown command.
Wotfoxis's ghost hits you.
You take 1 damage, and have 17/30 hp.
Wotfoxis's ghost hits you!
You take 6 damage, and have 11/30 hp.
There is a stone staircase leading up here.
Wotfoxis's ghost hits you.
* * * LOW HITPOINT WARNING * * *
The hobgoblin barely misses you.
You climb upwards.
There is a stone staircase leading down here.
You take 5 damage, and have 6/30 hp.
Aim: a hobgoblin The flame tongue hits the hobgoblin.
The hobgoblin appears unharmed.
The hobgoblin hits you.
* * * LOW HITPOINT WARNING * * *
You take 5 damage, and have 1/30 hp.
You now have 5/7 mp.
Aim: a hobgoblin The flame tongue misses the hobgoblin.
The hobgoblin hits you.
You die...

#....##.##.#.#.# #..##..# #.###..
.....#####.#.#.# #..##.####..###.
.........#.#.#.###..##....#..# #.
...#####.#..........#####.#..# #.
...#####.#...#.####..#....#..###.
.........#.#.#.# #..#.####..##..
..########.#.#.# #..........##..
.......#...#.#.####.###..........
#..###.....#.#.#@g.......#.#.#.#.
#...#........#.#.##.###..........
...........##....##)# #..#.#.#...
#.#...#.#.###..####.# #..........
#.#...#.#.# #..# #.# #..#.#.#...
#.##.##...###..# #.###........#.
#.##.#....#....# #..##.###.#.##.
#.##.#.#.#####.# ##.##.# #.#.##.
..##.#.#.# #.# #.##.# #...##.


You could see a hobgoblin.

Vanquished Creatures
  3 adders
  A worm (D:2)
  2 dart slugs (D:1)
  4 leopard geckos
  4 giant cockroaches
  9 hobgoblins
  5 jackals
  3 quokkas
  8 bats
  6 frilled lizards
  2 goblins
  8 kobolds
  4 rats
59 creatures vanquished.

Notes
Turn   | Place    | Note
-------+----------+-------------------------------------------
     0 | D:1      | shakethe the Demonspawn Fire Elementalist began the quest for the Orb.
     0 | D:1      | Reached XP level 1. HP: 13/13 MP: 3/3
   121 | D:1      | Reached skill level 3 in Fire Magic
   150 | D:1      | Gained mutation: Your flesh is cold resistant. (rC+) [demonic ancestry]
   150 | D:1      | Reached XP level 2. HP: 16/19 MP: 1/5
   503 | D:1      | Reached skill level 2 in Conjurations
   646 | D:1      | Reached XP level 3. HP: 19/24 MP: 2/6
   677 | D:1      | Learned a level 3 spell: Conjure Flame
  1707 | D:2      | Reached XP level 4. HP: 29/30 MP: 4/7
  2532 | D:3      | Reached skill level 3 in Conjurations
  2698 | D:3      | Noticed wotfoxis's ghost (weakling HOCK)
  2736 | D:3      | HP: 6/30 [wotfoxis's ghost (5)]
  2738 | D:2      | HP: 1/30 [hobgoblin (5)]
  2739 | D:2      | Slain by a hobgoblin

Skill      XL: |  1  2  3  4 |
---------------+-------------+-----
Fire Magic     | 3 |  3.9
Conjurations   | 2 3 |  3.1
Dodging        | |  1.7
Stealth        | |  1.7
Spellcasting   | |  2.0

Action                   |  1- 3 |  4- 6 || total
-------------------------+-------+-------++-------
Melee: Dagger            |     4 |       ||     4
       Spear             |    29 |    27 ||    56
 Cast: Flame Tongue      |    56 |    23 ||    79
  Eat: Chunk             |     3 |     4 ||     7
Armor: Robe              |     5 |     3 ||     8
Dodge: Dodged            |    41 |    19 ||    60

Vault maps used:
D:1:      dpeg_arrival_round_c, kennysheep_minor_cross, hangedman_feature_mirror
D:2:      serial_co_window_serial, co_window_corner_a, co_window_corner_a,
          co_window_paths_a, co_window_cross_1, co_window_paths_a,
          co_window_paths_a, co_window_of_opportunity_a, co_window_corner_b,
          co_window_unsneaky_path_a, co_window_of_opportunity_b,
          co_window_2corner, co_window_of_opportunity_c, co_window_corner_b,
          glass_columns_c, glass_columns_a, glass_columns_b, glass_columns_b
D:3:      tso_metal_star, st_stairs_7

Table legend:
 A = Turns spent in this place as a percentage of turns spent in the entire game.
 B = Non-inter-level travel turns spent in this place as a percentage of non-inter-level travel turns spent in the entire game.
 C = Inter-level travel turns spent in this place as a percentage of turns spent in this place.
 D = Turns resting spent in this place as a percentage of non-inter-level travel turns spent in this place.
 E = Turns spent auto-exploring this place as a percentage of non-inter-level travel turns spent in this place.
 F = Non-inter-level travel turns spent in this place divided by the number of levels of this place that you've seen.
                   A       B       C       D       E      F
               +-------+-------+-------+-------+-------+----------------------
         Total | 100.0 | 100.0 |   0.5 |  18.2 |  53.8 | 908.0
       Dungeon | 100.0 | 100.0 |   0.5 |  18.2 |  53.8 | 908.0
               +-------+-------+-------+-------+-------+----------------------

Table legend:
 A = Kills in this place as a percentage of kills in entire the game.
 B = Kills by you in this place as a percentage of kills by you in the entire game.
 C = Kills by friends in this place as a percentage of kills by friends in the entire game.
 D = Other kills in this place as a percentage of other kills in the entire game.
 E = Experience gained in this place as a percentage of experience gained in the entire game.
 F = Experience gained in this place divided by the number of levels of this place that you have seen.
                   A       B       C       D       E      F
               +-------+-------+-------+-------+-------+----------------------
         Total | 100.0 | 100.0 |   N/A |   N/A | 100.0 |  46.7
       Dungeon | 100.0 | 100.0 |   N/A |   N/A | 100.0 |  46.7
               +-------+-------+-------+-------+-------+----------------------
